 Dungeon Crawl Stone Soup version 0.21.0-3-g78d12a8 (webtiles) character file.

12199 Ignatius881 the Cleaver (level 11, -2/100 (101) HPs)
             Began as a Minotaur Berserker on Jan 9, 2018.
             Was an Elder of Trog.
             Killed from afar by an electric eel (11 damage)
             ... with a bolt of electricity
             ... on level 2 of the Lair of Beasts.
             The game lasted 00:38:56 (12996 turns).

Ignatius881 the Cleaver (Minotaur Berserker)       Turns: 12996, Time: 00:38:57

HP:   -2/100 (101)  AC: 20    Str: 28    XL:     11   Next: 59%
MP:   10/10         EV: 11    Int:  4    God:    Trog [****..]
Gold: 393           SH:  3    Dex: 12    Spells: 10/10 levels left

rFire    . . .     SeeInvis .   W - +1 war axe (elec)
rCold    . . .     Gourm    .   b - +0 buckler
rNeg     . . .     Faith    .   u - +0 plate armour
rPois    .         Spirit   .   R - +2 hat
rElec    .         Reflect  .   Q - +1 cloak
rCorr    .         Harm     .   k - +0 pair of gloves
MR       ++...                  (no boots)
Stlth    ..........             (no amulet)
HPRegen  1.26/turn              s - +5 ring of strength
MPRegen  0.12/turn              (no ring)

@: regenerating
A: retaliatory headbutt, horns 2
a: Berserk, Trog's Hand, Brothers in Arms, Burn Spellbooks, Renounce Religion


You were on level 2 of the Lair of Beasts.
You worshipped Trog.
Trog was greatly pleased with you.
You were hungry.

You visited 2 branches of the dungeon, and saw 13 of its levels.

You collected 753 gold pieces.
You spent 360 gold pieces at shops.

Inventory:

Hand Weapons
 t - a +1 hand axe of venom
   (You found it on level 3 of the Dungeon)
 K - a +0 hand axe of chopping
   (You bought it in a shop on level 7 of the Dungeon)
 O - a +0 quarterstaff of protection
   (You took it off Joseph on level 7 of the Dungeon)
 W - a +1 war axe of electrocution (weapon)
   (You bought it in a shop on level 10 of the Dungeon)
Armour
 b - a +0 buckler (worn)
   (You found it on level 1 of the Lair of Beasts)
 k - a +0 pair of gloves (worn)
   (You found it on level 1 of the Dungeon)
 u - a +0 plate armour (worn)
   (You found it on level 4 of the Dungeon)
 Q - a +1 cloak (worn)
   (You took it off Maurice on level 8 of the Dungeon)
 R - a +2 hat (worn)
   (You found it on level 8 of the Dungeon)
Jewellery
 m - an uncursed ring of protection from cold
   (You found it on level 1 of the Dungeon)
 s - a +5 ring of strength (left hand)
   (You found it on level 2 of the Dungeon)
 v - an uncursed ring of flight
   (You found it on level 4 of the Dungeon)
 C - a +3 ring of protection {unknown}
   (You took it off a gnoll on level 6 of the Dungeon)
 D - an uncursed ring of protection from magic {unknown}
   (You found it on level 6 of the Dungeon)
 U - an uncursed amulet of faith {unknown}
   (You found it on level 9 of the Dungeon)
 X - an uncursed ring of fire
   (You found it on level 4 of the Dungeon)
 Z - an uncursed ring of wizardry {unknown}
   (You found it on level 1 of the Lair of Beasts)
Wands
 c - a wand of disintegration (9)
   (You found it on level 7 of the Dungeon)
 x - a wand of acid (8)
   (You found it on level 1 of the Lair of Beasts)
 N - a wand of enslavement (15)
   (You took it off Joseph on level 7 of the Dungeon)
 P - a wand of scattershot (6)
   (You found it on level 11 of the Dungeon)
Scrolls
 f - 6 scrolls of teleportation {@r4}
 g - 2 scrolls of noise {unknown}
 y - 2 scrolls of immolation {unknown}
 z - 4 scrolls of remove curse {unknown}
 E - a scroll of fog {unknown}
 G - 3 scrolls of brand weapon {unknown}
 H - 2 scrolls of blinking {unknown}
 I - a scroll of magic mapping {unknown}
 J - 4 scrolls of fear {unknown}
 L - 3 scrolls of enchant weapon
 M - 3 scrolls of enchant armour {unknown}
 T - a scroll of amnesia {unknown}
 V - a scroll of torment {unknown}
Potions
 d - 2 potions of lignification {unknown}
 h - 3 potions of haste {unknown}
 i - 3 potions of curing {unknown}
 n - 4 potions of degeneration {unknown}
 o - a potion of invisibility {unknown}
 p - a potion of mutation {unknown}
 q - 2 potions of magic {unknown}
 r - 4 potions of heal wounds {@q2}
 w - 4 potions of flight {unknown}
 A - 3 potions of cancellation {unknown}
 B - a potion of ambrosia {unknown}
 F - a potion of berserk rage {unknown}
 S - 3 potions of might {unknown}
Books
 l - Sif Muna's Handbook of the Voyage and Battle Magic
   (You found it on level 4 of the Dungeon)

   Spells                             Type                      Level
   a - Blink                          Translocation                2
   b - Dazzling Spray                 Conjuration/Hexes            3
   c - Mephitic Cloud                 Conjuration/Poison/Air       3
   d - Bolt of Magma                  Conjuration/Fire/Earth       5
   Trog disapproves of the use of such an item.
Comestibles
 e - 19 rations


   Skills:
 + Level 10.6 Fighting
 * Level 14.0 Axes
 + Level 10.2 Armour
 + Level 9.4 Dodging


You had 10 spell levels left.
You didn't know any spells.

Dungeon Overview and Level Annotations

Branches:
Dungeon (11/15)            Temple (0/1) D:4            Lair (2/6) D:9
  Swamp (0/4) Lair:2        Snake (0/4) Lair:2          Orc (0/2) D:11

Altars:
Ashenzari
Dithmenos
Fedhas
Kikubaaqudgha
Makhleb
Nemelex Xobeh
Trog
Uskayaw
Vehumet
Wu Jian
Xom
Zin
The Shining One

Shops:
D:5 !   D:7 (   D:10 (*

Annotations:
D:6 2 transporters
D:9 exclusion: statue


Innate Abilities, Weirdness & Mutations

You reflexively headbutt those who attack you in melee.
You have a pair of horns on your head.


Message History

The electric eel completely resists.
The bolt of electricity hits you!
The electric eel shoots out a bolt of lightning at you!
The bolt of electricity misses you. The bolt of electricity hits you!
Found a bubbling cyan potion.
The electric eel shoots out a bolt of lightning at you!
The bolt of electricity hits you!
The electric eel shoots out a bolt of lightning at you!
The bolt of electricity misses you.
The electric eel shoots out a bolt of lightning at you!
The bolt of electricity hits the electric eel.
The electric eel completely resists.
The bolt of electricity hits you!
The electric eel shoots out a bolt of lightning at you!
The bolt of electricity hits you!
* * * LOW HITPOINT WARNING * * *
The bolt of electricity hits you!
* * * LOW HITPOINT WARNING * * *
The electric eel shoots out a bolt of lightning at you!
The bolt of electricity hits you!
* * * LOW HITPOINT WARNING * * *
The electric eel shoots out a bolt of lightning at you!
The bolt of electricity hits the electric eel.
The electric eel completely resists.
The bolt of electricity hits you!
* * * LOW HITPOINT WARNING * * *
Your skin crawls.
You feel resistant to hostile enchantments.
You feel somewhat more hungry. Trog will no longer gift you weapons.
The electric eel shoots out a bolt of lightning at you!
The bolt of electricity hits you!
The electric eel shoots out a bolt of lightning at you!
The bolt of electricity hits the electric eel.
The electric eel completely resists.
The bolt of electricity hits the electric eel.
The electric eel completely resists.
The bolt of electricity misses you.
You hit the electric eel. You headbutt the electric eel!
You hit the electric eel.
The electric eel shoots out a bolt of lightning at you!
The bolt of electricity hits you!
* * * LOW HITPOINT WARNING * * *
The bolt of electricity hits you!
* * * LOW HITPOINT WARNING * * *
The electric eel shoots out a bolt of lightning at you!
The bolt of electricity hits you!
* * * LOW HITPOINT WARNING * * *
The electric eel shoots out a bolt of lightning at you!
The bolt of electricity misses you.
The electric eel shoots out a bolt of lightning at you!
The bolt of electricity hits the electric eel.
The electric eel completely resists.
The bolt of electricity hits you!
You die...

............##
#.###.#......# .##
#.P..
###......###..##......
##...................
#......###.#.........
#...(..#.###.........
#.....P.#.#....§.....
#.....................
............@.$.;§≈§§.
......#.##.....;§≈§§..
.....######....;;§§§..
...## ##...≈≈§≈≈!. .##
#....≈≈≈...
..........#
#..........P
............
.............


You could see 4 electric eels.

Vanquished Creatures
  A hydra (Lair:1)
  2 two-headed ogres
  An unseen horror (D:6)
  Maurice (D:8)
  Joseph (D:7)
  A spiny frog (Lair:1)
  3 komodo dragons (Lair:1)
  2 trolls
  2 hippogriffs
  5 yaks
  A wraith (D:11)
  3 hogs (D:7)
  A human (D:7)
  The ghost of Gandalfino the Poker, an amateur MfFi (D:3)
  2 hell hounds (D:9)
  4 water moccasins
  Duvessa (D:4)
  2 porcupines (Lair:1)
  3 sky beasts
  5 orc warriors
  An ice beast (D:9)
  2 necrophages
  6 ogres
  6 centaurs
  A crocodile (Lair:1)
  8 bullfrogs
  A gnoll sergeant (D:8)
  Dowan (D:4)
  3 scorpions
  5 killer bees (D:10)
  A vampire bat (D:8)
  A howler monkey (D:10)
  5 crimson imps
  A bullfrog zombie (D:8)
  2 centaur skeletons
  6 hounds
  3 jellies
  13 orc wizards
  A bullfrog skeleton (D:10)
  8 orc priests
  Terence (D:2)
  3 worker ants
  A worker ant zombie (D:5)
  15 adders
  8 gnolls
  A shadow imp (D:9)
  2 adder zombies
  3 adder skeletons
  3 worms
  2 dart slugs
  5 leopard geckos
  42 orcs
  2 ball pythons
  8 giant cockroaches
  8 hobgoblins
  14 jackals
  4 quokkas
  10 bats
  8 frilled lizards
  7 goblins
  7 kobolds
  4 rats
275 creatures vanquished.

Vanquished Creatures (others)
  7 fungi (D:6)
7 creatures vanquished.

Grand Total: 282 creatures vanquished

Notes
Turn   | Place    | Note
-------+----------+-------------------------------------------
     0 | D:1      | Ignatius881 the Minotaur Berserker began the quest for the Orb.
     0 | D:1      | Reached XP level 1. HP: 19/19 MP: 0/0
   693 | D:1      | Reached XP level 2. HP: 27/27 MP: 1/1
   790 | D:2      | Found a glowing silver altar of Zin.
   835 | D:2      | Found a burning altar of Makhleb.
   843 | D:2      | Reached skill level 4 in Axes
   843 | D:2      | Reached XP level 3. HP: 28/33 MP: 2/2
  1344 | D:2      | Reached XP level 4. HP: 37/40 MP: 3/3
  1651 | D:2      | Noticed Terence
  1658 | D:2      | Killed Terence
  1658 | D:2      | Reached skill level 5 in Axes
  1902 | D:3      | Reached ** piety under Trog
  2091 | D:3      | Reached XP level 5. HP: 47/47 MP: 4/4
  2279 | D:3      | Found a shattered altar of Ashenzari.
  2405 | D:3      | Noticed Gandalfino's ghost (amateur MfFi)
  2409 | D:3      | Killed Gandalfino's ghost
  2409 | D:3      | Reached XP level 6. HP: 55/55 MP: 5/5
  2742 | D:3      | Found a faded altar of an unknown god.
  2959 | D:4      | Reached skill level 5 in Fighting
  2959 | D:4      | Reached skill level 6 in Axes
  3108 | D:4      | Found a staircase to the Ecumenical Temple.
  3217 | D:4      | Found a bloodstained altar of Trog.
  3266 | D:4      | Noticed Dowan
  3272 | D:4      | Noticed Duvessa
  3275 | D:4      | Killed Dowan
  3275 | D:4      | Reached XP level 7. HP: 61/61 MP: 6/6
  3283 | D:4      | Killed Duvessa
  3283 | D:4      | Reached skill level 7 in Axes
  3585 | D:4      | Identified Sif Muna's Handbook of the Voyage and Battle Magic
  3765 | D:5      | Entered Level 5 of the Dungeon
  3884 | D:5      | Found Dirch's Distillery.
  3896 | D:5      | Reached skill level 5 in Armour
  4053 | D:5      | Reached *** piety under Trog
  4708 | D:6      | Reached skill level 8 in Axes
  4708 | D:6      | Reached XP level 8. HP: 57/70 MP: 7/7
  4715 | D:6      | Reached skill level 5 in Dodging
  5342 | D:6      | Found a transporter.
  5342 | D:6      | Found a burning altar of Makhleb.
  5546 | D:6      | Reached skill level 9 in Axes
  5924 | D:6      | Found a transporter.
  6028 | D:6      | Killed an unseen horror
  6028 | D:6      | Reached XP level 9. HP: 64/78 MP: 8/8
  6108 | D:6      | Found an ancient bone altar of Kikubaaqudgha.
  6519 | D:7      | Reached skill level 10 in Axes
  6891 | D:7      | Found Zeboti's Antique Weapon Shoppe.
  6898 | D:7      | Bought a runed hand axe for 156 gold pieces
  6920 | D:7      | Found a sparkling altar of Nemelex Xobeh.
  7058 | D:7      | Reached **** piety under Trog
  7086 | D:7      | Found a shimmering altar of Xom.
  7112 | D:7      | Reached skill level 11 in Axes
  7217 | D:7      | Noticed Joseph
  7241 | D:7      | Killed Joseph
  7333 | D:7      | Reached XP level 10. HP: 89/89 MP: 9/9
  7790 | D:8      | Received a gift from Trog
  7926 | D:8      | Noticed Maurice
  7930 | D:8      | Noticed a hand axe
  7931 | D:8      | Noticed a dagger
  7931 | D:8      | Found a hide-covered altar of Uskayaw.
  7938 | D:8      | Killed Maurice
  8138 | D:8      | Found a shadowy altar of Dithmenos.
  8314 | D:8      | Found an ornate altar of the Wu Jian Council.
  8619 | D:8      | Noticed a two-headed ogre
  8627 | D:8      | Killed a two-headed ogre
  8627 | D:8      | Reached skill level 12 in Axes
  8741 | D:8      | Found a blossoming altar of Fedhas.
  9304 | D:9      | Found a glowing golden altar of the Shining One.
  9493 | D:9      | Found a staircase to the Lair.
  9817 | D:9      | Found a radiant altar of Vehumet.
 10007 | D:10     | Entered Level 10 of the Dungeon
 10400 | D:10     | Found Duexuro's Weapon Shoppe.
 10492 | D:10     | Bought a +1 war axe of electrocution for 204 gold pieces
 10682 | D:10     | Found Rigin's Demolitions Depot.
 10706 | D:10     | Reached XP level 11. HP: 98/98 MP: 10/10
 10847 | D:10     | Reached skill level 13 in Axes
 11259 | D:11     | Noticed a two-headed ogre
 11269 | D:11     | Killed a two-headed ogre
 11269 | D:11     | Reached skill level 10 in Fighting
 11386 | D:11     | Found a staircase to the Orcish Mines.
 11809 | Lair:1   | Entered Level 1 of the Lair of Beasts
 11849 | Lair:1   | Noticed an eight-headed hydra
 11858 | Lair:1   | Killed a ten-headed hydra
 12019 | Lair:1   | Reached skill level 10 in Armour
 12040 | Lair:1   | Reached ***** piety under Trog
 12770 | Lair:1   | Reached skill level 14 in Axes
 12968 | Lair:2   | Found a staircase to the Snake Pit.
 12982 | Lair:2   | Found a staircase to the Swamp.
 12996 | Lair:2   | Killed from afar by an electric eel

Skill      XL: |  1  2  3  4  5  6  7  8  9 10 11 |
---------------+----------------------------------+-----
Fighting       | 4 5 6 7 8 9 10 | 10.6
Axes           | 4 5 6 8 9 11 12 14 | 14.0
Armour         | 3 4 5 6 8 9 10 | 10.2
Dodging        | 3 4 6 7 8 9 |  9.4

Action                   |  1- 3 |  4- 6 |  7- 9 | 10-12 || total
-------------------------+-------+-------+-------+-------++-------
Melee: Hand axe          |    66 |    98 |   253 |   220 ||   637
       Headbutt          |    10 |    16 |    58 |    76 ||   160
       War axe           |       |       |       |   138 ||   138
Invok: Berserk           |       |     5 |     3 |     7 ||    15
       Trog's Hand       |       |     2 |     3 |     9 ||    14
  Use: Scroll            |       |     2 |     3 |     2 ||     7
  Eat: Chunk             |     1 |    10 |    10 |    24 ||    45
       Ration            |       |       |     2 |     1 ||     3
Armor: Chain mail        |    43 |    49 |       |       ||    92
       Plate armour      |       |    21 |   160 |   160 ||   341
Dodge: Dodged            |    24 |    47 |    79 |   164 ||   314
